 Dungeon Crawl Stone Soup version 0.22-a0-447-gee5f723 (webtiles) character file.

70 KristoblXynda the Cudgeler (level 4, -2/39 HPs)
             Began as a Naga Gladiator on June 3, 2018.
             Killed by divine providence
             ... invoked by an orc priest
              (12 damage)
             ... on level 3 of the Dungeon.
             The game lasted 00:03:37 (1998 turns).

KristoblXynda the Cudgeler (Naga Gladiator)         Turns: 1998, Time: 00:03:38

Health: -2/39      AC:  3    Str: 17    XL:     4   Next: 22%
Magic:  13/13      EV: 10    Int:  8    God:
Gold:   93         SH:  0    Dex: 13    Spells: 3/3 levels left

rFire    . . .     SeeInvis +   k - +0 whip
rCold    . . .     Gourm    .   (no shield)
rNeg     . . .     Faith    .   b - +0 leather armour
rPois    +         Spirit   .   c - +0 helmet
rElec    .         Reflect  .   (no cloak)
rCorr    .         Harm     .   (no gloves)
MR       .....                  (no barding)
Stlth    ++........             (no amulet)
HPRegen  0.13/turn              l - ring of magical power
MPRegen  0.13/turn              (no ring)

@: short of breath, very slow
A: large, see invisible, deformed body, poison resistance, slowness 2, slow
metabolism 1, spit poison 1, AC +1
a: Spit Poison


You were on level 3 of the Dungeon.
You were not hungry.

You visited 1 branch of the dungeon, and saw 3 of its levels.

You collected 93 gold pieces.

Inventory:

Hand Weapons
 a - a +0 flail
 k - a +0 whip (weapon)
Missiles
 d - 3 throwing nets (quivered)
Armour
 b - a +0 leather armour (worn)
 c - a +0 helmet (worn)
Jewellery
 l - a ring of magical power (left hand)
Wands
 o - a wand of paralysis (19)
Scrolls
 g - a scroll of immolation
 i - a scroll of remove curse
Potions
 n - a potion of magic {unknown}
 p - a potion of degeneration {unknown}
 q - a potion of ambrosia {unknown}
 r - a potion of might {unknown}
Comestibles
 f - 5 rations
 m - a chunk of flesh


   Skills:
 - Level 2.0 Fighting
 * Level 4.1 Maces & Flails
 - Level 2.1 Throwing
 + Level 2.8 Dodging
 + Level 1.5 Stealth


You had 3 spell levels left.
You didn't know any spells.
Your spell library was empty.

Dungeon Overview and Level Annotations

Branches:
Dungeon (3/15)

Altars:


Innate Abilities, Weirdness & Mutations

You cannot wear boots.
Your serpentine skin is tough. (AC +1)
You have supernaturally acute eyesight. (SInv)
Armour fits poorly on your strangely shaped body.
Your system is resistant to poisons. (rPois)
You cover ground very slowly.
You have a slow metabolism.
You can spit poison.


Message History

The ball python bites you but does no damage.
The orc priest looks braver for a moment.
Press: ? - help, Shift-Dir - straight line, f - ball python
Aim: a ball python The splash of poison hits the ball python.
You kill the ball python!
You feel slightly more hungry.
The ball python bites you but does no damage.
The orc priest invokes the aid of Beogh against you.
Beogh smites you!
You hit the ball python.
The ball python is moderately wounded.
The orc priest mumbles some strange prayers to Beogh against you.
Beogh smites you!
* * * LOW HITPOINT WARNING * * *
The ball python bites you but does no damage.
You feel better.
The orc priest invokes the aid of Beogh against you.
Beogh smites you!
You die...

######
#oS@.#
#o♣♣.♣
#)♣ .♣
#o♣ ..
###S♣
.♣♣
#.oo♣ .♣
#......#
#.....##
........


You could see 2 orc priests and a ball python.

Vanquished Creatures
  A worm (D:2)
  A leopard gecko (D:1)
  2 orcs (D:3)
  A ball python (D:3)
  4 bats
  3 giant cockroaches
  10 goblins
  7 hobgoblins
  2 jackals (D:2)
  3 quokkas (D:2)
  7 frilled lizards
  9 kobolds
  8 rats
58 creatures vanquished.

Notes
Turn   | Place    | Note
-------+----------+-------------------------------------------
     0 | D:1      | KristoblXynda the Naga Gladiator began the quest for the Orb.
     0 | D:1      | Reached XP level 1. HP: 19/19 MP: 1/1
    95 | D:1      | Reached XP level 2. HP: 17/26 MP: 2/2
   971 | D:1      | Reached XP level 3. HP: 25/32 MP: 3/3
  1402 | D:2      | Reached skill level 1 in Stealth
  1664 | D:2      | Reached skill level 4 in Maces & Flails
  1797 | D:2      | Reached XP level 4. HP: 37/39 MP: 4/4
  1997 | D:3      | HP: 1/39 [orc priest/divine providence (11)]
  1998 | D:3      | Killed from afar by an orc priest

Vault maps used:
D:1:      dpeg_arrival_refuge, hex_medium
D:2:      first_ration, minmay_pentomino_w4
D:3:      yredelemnul_altar_generic, serial_forest,
          infiniplex_forest_clump_small, infiniplex_forest_lined_room_2,
          infiniplex_forest_end_1, infiniplex_forest_clump_long,
          infiniplex_forest_corner_2, infiniplex_forest_split,
          infiniplex_forest_lined_corner, infiniplex_forest_straight_4,
          infiniplex_forest_end_2, serial_bayou_pond_b,
          kennysheep_generic_room_13

Skill      XL: |  1  2  3 |
---------------+----------+-----
Throwing       | 2 |  2.1
Stealth        | 1 |  1.5
Maces & Flails | 4 |  4.1
Fighting       | |  2.0
Dodging        | |  2.8

Action                   |  1- 3 |  4- 6 || total
-------------------------+-------+-------++-------
Melee: Flail             |    88 |       ||    88
       Whip              |   110 |    40 ||   150
 Abil: Spit Poison       |     5 |     3 ||     8
  Use: Potion            |     1 |     2 ||     3
       Scroll            |       |     4 ||     4
 Stab: Sleeping          |     2 |     1 ||     3
  Eat: Chunk             |     2 |     1 ||     3
Armor: Leather armour    |    52 |    11 ||    63
Dodge: Dodged            |   116 |    16 ||   132

Table legend:
 A = Spawn XP
 B = Non-spawn XP
 C = Spawn XP percentage of total XP
 D = Spawn monster count
 E = Non-spawn monster count
 F = Spawn count percentage of total count
 G = Total turns spent on level
                    A         B        C        D         E        F      G
               +---------+---------+-------+---------+---------+-------+---------
         Total |       0 |     101 |   0.0 |       0 |      58 |   0.0 |  1998
               +---------+---------+-------+---------+---------+-------+---------
           D:1 |       0 |      34 |   0.0 |       0 |      21 |   0.0 |  1068
           D:2 |       0 |      56 |   0.0 |       0 |      32 |   0.0 |   900
           D:3 |       0 |      11 |   0.0 |       0 |       5 |   0.0 |    30
               +---------+---------+-------+---------+---------+-------+---------
